[Event "Titled Tuesday Blitz November 14 Early 2023"]
[White "Hartikainen, Jarmo"]
[Black "Suspenser17"]
[WhiteFideId "503134"]
[WhiteElo "2159"]
[BlackElo "2420"]
[Result "0-1"]
[Round "5"]
[TimeControl "180+1"]
[Date "2023.11.14"]
[WhiteClock "0:00:06"]
[BlackClock "0:00:08"]
[Board "183"]

1. e4 e5 2. Nf3 Nc6 3. Bc4 Nf6 4. d3 Bc5 5. c3 d6 6. O-O a6 7. b4 Ba7 8. Na3 h6 9. Nc2 g5 10. Be3 Nh7 11. Bxa7 Rxa7 12. Ne3 Be6 13. d4 exd4 14. cxd4 Bxc4 15. Nxc4 O-O 16. Ne3 Nf6 17. d5 Ne7 18. Qd4 Nc8 19. e5 dxe5 20. Nxe5 Ra8 21. N5g4 Nxg4 22. Nxg4 f5 23. Nxh6+ Kh7 24. Nxf5 Rxf5 25. Qd3 Qxd5 26. Qh3+ Kg7 27. Rad1 Qf7 28. Rfe1 Nd6 29. Qc3+ Kg6 30. Re5 Rxe5 31. Qxe5 Re8 32. Qd4 Qf4 33. Qd3+ Qe4 34. f3 Qxd3 35. Rxd3 Re1+ 36. Kf2 Rb1 37. a3 Rb2+ 38. Kg3 Nf5+ 39. Kh3 Nd6 40. g4 Ra2 41. Kg3 Kf6 42. h4 gxh4+ 43. Kxh4 Nb5 44. f4 Rxa3 45. Rd7 Ke6 46. Rh7 Rf3 47. f5+ Kf6 48. Rh6+ Kg7 49. Rg6+ Kf7 50. Kg5 Nd6 51. Rh6 Ne4+ 52. Kh4 Nf6 53. Rg6 Rf4 54. Kg3 Rxg4+ 55. Rxg4 Nxg4 56. Kxg4 b6 57. Kf4 Kf6 58. Ke4 c6 59. Kf4 a5 60. bxa5 bxa5 61. Ke4 a4 62. Kd4 c5+ 63. Kc4 Kxf5 64. Kc3 Ke5 65. Kc4 Kd6 66. Kc3 Kd5 67. Kb2 Kc4 68. Ka3 Kd3 69. Kxa4 c4 70. Kb4 c3 71. Kc5 c2 72. Kd5 c1=Q 73. Ke5 Qc4 0-1


[Site "https://www.chess.com"]

[Event "Titled Tuesday Blitz November 14 Early 2023"]
[White "Spalir, Jernej"]
[Black "Mishra, Manoj"]
[WhiteFideId "14606518"]
[BlackFideId "5006007"]
[WhiteElo "2416"]
[BlackElo "2199"]
[Result "1-0"]
[Round "5"]
[TimeControl "180+1"]
[Date "2023.11.14"]
[WhiteClock "0:00:42"]
[BlackClock "0:00:02"]
[Board "184"]

1. d4 Nf6 2. c4 c5 3. d5 b5 4. cxb5 a6 5. bxa6 g6 6. Nc3 Bxa6 7. e4 Bxf1 8. Kxf1 d6 9. Nf3 Bg7 10. g3 Nbd7 11. Kg2 Nb6 12. Qe2 O-O 13. a4 Nfd7 14. Bd2 Bxc3 15. Bxc3 Nxa4 16. Bd2 Qb6 17. Rhb1 c4 18. Qxc4 Nxb2 19. Qc2 Rxa1 20. Rxa1 Nc5 21. Rb1 Ncd3 22. Qxd3 Qxf2+ 23. Kxf2 Nxd3+ 24. Ke3 Nc5 25. Nd4 Ra8 26. Bb4 Nd7 27. Nc6 Kf8 28. Bc3 Ra3 29. Kd2 Ra2+ 30. Rb2 Ra4 31. Rb7 Nf6 32. Rb8+ Ne8 33. Kd3 Ra2 34. Nd4 Rxh2 35. Nb5 Rg2 36. Nc7 Rxg3+ 37. Kd4 Kg7 38. Rxe8 h5 39. Rxe7 h4 40. Kc4+ Kf8 41. Rd7 Kg8 42. Rd8+ Kh7 43. Rh8# 1-0


[Site "https://www.chess.com"]

[Event "Titled Tuesday Blitz November 14 Early 2023"]
[White "Herman, Daniel"]
[Black "missponyo10"]
[WhiteFideId "30935008"]
[WhiteElo "2414"]
[BlackElo "2148"]
[Result "1-0"]
[Round "5"]
[TimeControl "180+1"]
[Date "2023.11.14"]
[WhiteClock "0:00:36"]
[BlackClock "0:00:42"]
[Board "185"]

1. e4 c5 2. Nf3 d6 3. d4 cxd4 4. Nxd4 Nf6 5. Nc3 a6 6. h3 h5 7. Bg5 Nbd7 8. f4 g6 9. Qe2 Bg7 10. e5 dxe5 11. fxe5 Ng8 12. e6 Bxd4 13. exf7+ Kxf7 14. Qc4+ Ke8 15. Qxd4 Ndf6 16. Qe5 Qd6 17. Qxd6 exd6 18. O-O-O Kd7 19. Bd3 Nh7 20. Bf4 Ne7 21. Be4 Ke8 22. Bxd6 Bf5 23. Bxb7 Ra7 24. Bf3 Ng5 25. Be2 Ne4 26. Nxe4 Bxe4 27. Rhe1 Kf8 28. Bc4 Bf5 29. Bxe7+ Rxe7 30. Rd8+ Kg7 31. Rxe7+ Kf6 32. Rf7+ Kg5 33. Rxh8 Kh4 34. Rxf5 Kg3 35. Rg5+ Kh2 36. g4 h4 37. Rxh4 Kg3 38. Rh8 Kg2 39. Rf8 Kxh3 40. Re5 Kxg4 41. Be2+ Kg3 42. Re4 Kg2 43. Rf3 Kg1 44. Bd3 Kh2 45. Re2+ Kg1 46. Rd2 Kh1 47. Rf1# 1-0


[Site "https://www.chess.com"]

[Event "Titled Tuesday Blitz November 14 Early 2023"]
[White "Ismayilova, Khanim"]
[Black "ChessLebaneseSalah"]
[WhiteFideId "13429019"]
[WhiteElo "2156"]
[BlackElo "2406"]
[Result "0-1"]
[Round "5"]
[TimeControl "180+1"]
[Date "2023.11.14"]
[WhiteClock "0:01:23"]
[BlackClock "0:01:15"]
[Board "186"]

1. e4 c5 2. c3 Nf6 3. e5 Nd5 4. d4 cxd4 5. Nf3 d6 6. Bc4 Nb6 7. Bb3 Nc6 8. cxd4 dxe5 9. dxe5 Qxd1+ 10. Kxd1 Bg4 11. Bf4 Rd8+ 12. Kc1 e6 13. Nfd2 Nd4 14. Be3 Rc8+ 15. Nc3 Rxc3+ 16. bxc3 Ba3+ 17. Kb1 Bf5+ 18. Bc2 Bxc2# 0-1


[Site "https://www.chess.com"]

[Event "Titled Tuesday Blitz November 14 Early 2023"]
[White "Marcziter, Dmitrii"]
[Black "DonCiao"]
[WhiteFideId "13900765"]
[WhiteElo "2405"]
[BlackElo "2128"]
[Result "1-0"]
[Round "5"]
[TimeControl "180+1"]
[Date "2023.11.14"]
[WhiteClock "0:00:24"]
[BlackClock "0:00:00"]
[Board "187"]

1. d4 Nf6 2. c4 g6 3. Nf3 Bg7 4. g3 d5 5. cxd5 Nxd5 6. Bg2 Nb6 7. O-O Nc6 8. e3 O-O 9. Nc3 Re8 10. d5 Na5 11. Nd4 Nac4 12. b3 Nd6 13. Bb2 e6 14. dxe6 Bxe6 15. Nxe6 Rxe6 16. Qe2 Qe7 17. Rac1 c6 18. Rfd1 Re8 19. Bh3 f5 20. Qd3 Ne4 21. Qc2 Nxc3 22. Bxc3 Bxc3 23. Qxc3 Nd5 24. Qc5 Qxc5 25. Rxc5 Nf6 26. Bg2 a6 27. Rd4 R6e7 28. Rc2 Kf7 29. Rcd2 h5 30. h3 Ne4 31. Rc2 Nf6 32. Bf1 Nd7 33. Bc4+ Kg7 34. Kg2 Ne5 35. Be2 Rd7 36. Rcd2 Rxd4 37. Rxd4 Re7 38. f4 Nf7 39. Kf2 Kf6 40. Bf3 g5 41. b4 g4 42. hxg4 hxg4 43. Bg2 Ke6 44. e4 Nd6 45. e5 Nb5 46. Rd8 Rd7 47. Rf8 Rd2+ 48. Kf1 Rxa2 49. Rf6+ Ke7 50. Rxf5 Nd4 51. Rg5 Ra1+ 52. Kf2 Ra2+ 53. Ke3 Rxg2 54. Kxd4 Rxg3 55. f5 1-0


[Site "https://www.chess.com"]

[Event "Titled Tuesday Blitz November 14 Early 2023"]
[White "Ghosh, Chanchal Kumer"]
[Black "UK_23"]
[WhiteFideId "10201858"]
[WhiteElo "2123"]
[BlackElo "2403"]
[Result "1-0"]
[Round "5"]
[TimeControl "180+1"]
[Date "2023.11.14"]
[WhiteClock "0:00:03"]
[BlackClock "0:00:00"]
[Board "188"]

1. e4 e5 2. Nf3 Nc6 3. Bc4 Nf6 4. Ng5 d5 5. exd5 Na5 6. Bb5+ c6 7. dxc6 bxc6 8. Qf3 Be7 9. Bxc6+ Nxc6 10. Qxc6+ Bd7 11. Qc4 O-O 12. Nc3 h6 13. Nf3 Rc8 14. Qd3 e4 15. Nxe4 Nxe4 16. Qxe4 Bc6 17. Qg4 f5 18. Qh5 Bb5 19. d3 Rxc2 20. O-O Qxd3 21. Re1 Bc5 22. Be3 Bb4 23. Red1 Qc4 24. Nd4 Rxb2 25. Nxf5 Bc3 26. Rac1 Ba4 27. Nxh6+ gxh6 28. Qg6+ Bg7 29. Rxc4 Bxd1 30. Bd4 1-0


[Site "https://www.chess.com"]

[Event "Titled Tuesday Blitz November 14 Early 2023"]
[White "Nastase, Robert-Paul"]
[Black "Smirnov, Timofey"]
[WhiteFideId "1221175"]
[BlackFideId "24176427"]
[WhiteElo "2402"]
[BlackElo "2099"]
[Result "1-0"]
[Round "5"]
[TimeControl "180+1"]
[Date "2023.11.14"]
[WhiteClock "0:00:10"]
[BlackClock "0:00:03"]
[Board "189"]

1. a3 d5 2. f4 Bf5 3. Nf3 e6 4. g3 h6 5. Bg2 Nf6 6. O-O Be7 7. d3 O-O 8. Kh1 c6 9. e3 Nbd7 10. Qe2 a5 11. Nbd2 Bh7 12. e4 dxe4 13. dxe4 Qc7 14. b3 b5 15. Bb2 Rfd8 16. h3 Nc5 17. Ne5 Ncd7 18. Nd3 Nc5 19. Nf2 Rd7 20. Rfe1 Rad8 21. Nf1 Nb7 22. Bf3 Bc5 23. Nd3 Bb6 24. Bxf6 gxf6 25. Nh2 Nc5 26. Ng4 Kg7 27. Ngf2 Nxd3 28. Nxd3 c5 29. Rad1 c4 30. bxc4 Qxc4 31. Bg4 a4 32. f5 exf5 33. exf5 Qc6+ 34. Kh2 Rc7 35. Rc1 Rcc8 36. Bf3 Qc7 37. Be4 Re8 38. Nf4 Bxf5 39. Nh5+ Kg6 40. Bxf5+ Kxf5 41. Qg4# 1-0


[Site "https://www.chess.com"]

[Event "Titled Tuesday Blitz November 14 Early 2023"]
[White "Sailer, Mike"]
[Black "Ron_Weasley_Chess"]
[WhiteFideId "2012901"]
[WhiteElo "2090"]
[BlackElo "2398"]
[Result "0-1"]
[Round "5"]
[TimeControl "180+1"]
[Date "2023.11.14"]
[WhiteClock "0:00:00"]
[BlackClock "0:01:31"]
[Board "190"]

1. d4 Nf6 2. Bg5 c5 3. Bxf6 exf6 4. dxc5 Bxc5 5. e3 O-O 6. Nc3 b6 7. Nf3 Bb7 8. Bc4 Nc6 9. a3 Ne5 10. Be2 d5 11. O-O Qd7 12. Nd4 Rad8 13. f4 Nc4 14. Bxc4 dxc4 15. Qe2 Rfe8 16. Rad1 Rxe3 17. Qxe3 Bxd4 18. Rxd4 Qxd4 19. Qxd4 Rxd4 20. Rd1 Rxd1+ 21. Nxd1 Kf8 22. Kf2 Ke7 23. g3 Kd6 24. Ke3 g6 25. Kd4 b5 26. Nc3 Bc6 27. Ne4+ Bxe4 28. Kxe4 Kc5 29. c3 a5 30. f5 b4 31. axb4+ axb4 32. cxb4+ Kxb4 0-1


[Site "https://www.chess.com"]

[Event "Titled Tuesday Blitz November 14 Early 2023"]
[White "Hoffmann, Asa"]
[Black "Winkels, Marcel"]
[WhiteFideId "2001470"]
[BlackFideId "1003887"]
[WhiteElo "2385"]
[BlackElo "2069"]
[Result "1-0"]
[Round "5"]
[TimeControl "180+1"]
[Date "2023.11.14"]
[WhiteClock "0:01:28"]
[BlackClock "0:00:00"]
[Board "191"]

1. d4 Nf6 2. Bg5 d5 3. Nd2 g6 4. e3 Bg7 5. Bd3 O-O 6. f4 c5 7. c3 Qb6 8. Rb1 Nc6 9. Ngf3 Bg4 10. O-O Rfe8 11. h3 Bxf3 12. Nxf3 h6 13. Bh4 Rac8 14. Ne5 Nxe5 15. fxe5 Ne4 16. Bxe4 dxe4 17. Qg4 Qc6 18. Rf2 Qd5 19. Rbf1 g5 20. Rxf7 Qxf7 21. Rxf7 Kxf7 22. Qf5+ Kg8 23. Bg3 Rf8 24. Qxe4 b6 25. Qb7 Rce8 26. Qxa7 Rf5 27. Qxb6 cxd4 28. Qe6+ Rf7 29. cxd4 Rf8 30. d5 Kh8 31. d6 exd6 32. exd6 Rf1+ 33. Kh2 h5 34. d7 h4 35. Be5 Rd1 36. Qh6+ 1-0


[Site "https://www.chess.com"]

[Event "Titled Tuesday Blitz November 14 Early 2023"]
[White "MarijaKuznecova"]
[Black "Samarth J Rao"]
[BlackFideId "46652370"]
[WhiteElo "2371"]
[BlackElo "2048"]
[Result "1-0"]
[Round "5"]
[TimeControl "180+1"]
[Date "2023.11.14"]
[WhiteClock "0:00:26"]
[BlackClock "0:00:00"]
[Board "192"]

1. e4 d5 2. exd5 Qxd5 3. Nc3 Qd6 4. d4 Nf6 5. Nf3 c6 6. Bc4 Bg4 7. Be3 e6 8. h3 Bxf3 9. Qxf3 Qc7 10. O-O-O Nbd7 11. g4 h6 12. h4 Qa5 13. Kb1 Nb6 14. Bb3 Bb4 15. g5 Nfd5 16. Ne4 h5 17. g6 f6 18. c4 Ne7 19. a3 Bxa3 20. bxa3 Qxa3 21. Kc2 Na4 22. Rb1 Nf5 23. Nc3 Nxc3 24. Kxc3 Qa5+ 25. Kc2 Rc8 26. Qe4 Kd7 27. c5 Rhe8 28. Ra1 Qb4 29. Rhb1 Nxd4+ 30. Bxd4 e5 31. Be6+ Rxe6 32. Rxb4 exd4 33. Rxb7+ 1-0


[Site "https://www.chess.com"]

[Event "Titled Tuesday Blitz November 14 Early 2023"]
[White "Babayeva, Nasrin"]
[Black "Mejia, Cherry Ann"]
[WhiteFideId "13416626"]
[BlackFideId "5206880"]
[WhiteElo "1819"]
[BlackElo "2362"]
[Result "1/2-1/2"]
[Round "5"]
[TimeControl "180+1"]
[Date "2023.11.14"]
[WhiteClock "0:00:15"]
[BlackClock "0:00:09"]
[Board "193"]

1. d4 d5 2. g3 b5 3. Bg2 Nf6 4. b3 Bb7 5. c4 bxc4 6. bxc4 e6 7. Nd2 c5 8. dxc5 Bxc5 9. e3 O-O 10. Ne2 Nbd7 11. Bb2 Rb8 12. Rb1 Qa5 13. O-O Qxa2 14. Nc3 Qa5 15. Nb3 Qd8 16. cxd5 Ba6 17. Nxc5 Nxc5 18. Re1 Nd3 19. Re2 exd5 20. Rd2 d4 21. exd4 Qxd4 22. Nd5 Rxb2 23. Ne7+ Kh8 24. Rbxb2 Nxb2 25. Rxd4 Nxd1 26. Rxd1 Bc4 27. Nc6 a6 28. Ra1 g6 29. h3 Kg7 30. Ra5 Bb5 31. Nb4 Rd8 32. Nxa6 Rd1+ 33. Kh2 Bxa6 34. Rxa6 Rd2 35. Kg1 h5 36. h4 Rd1+ 37. Bf1 Ne4 38. Ra2 Nc3 39. Rc2 Nb1 40. Kg2 1/2-1/2


[Site "https://www.chess.com"]

[Event "Titled Tuesday Blitz November 14 Early 2023"]
[White "EvgenyBurmakin"]
[Black "Villafane Gomez, Jaime"]
[BlackFideId "4426517"]
[WhiteElo "2356"]
[BlackElo "1741"]
[Result "1-0"]
[Round "5"]
[TimeControl "180+1"]
[Date "2023.11.14"]
[WhiteClock "0:02:47"]
[BlackClock "0:02:27"]
[Board "194"]

1. e4 e6 2. d4 d5 3. Nd2 Nf6 4. e5 Nfd7 5. f4 c5 6. c3 Nc6 7. Ndf3 Qb6 8. g3 f6 9. Bd3 cxd4 10. cxd4 Nxd4 11. Nxd4 Qxd4 12. Bg6+ 1-0


[Site "https://www.chess.com"]

[Event "Titled Tuesday Blitz November 14 Early 2023"]
[White "Sharafiev, Azat"]
[Black "Kuchava, Ana"]
[WhiteFideId "4186214"]
[BlackFideId "13605348"]
[WhiteElo "2359"]
[BlackElo "2232"]
[Result "1/2-1/2"]
[Round "5"]
[TimeControl "180+1"]
[Date "2023.11.14"]
[WhiteClock "0:01:06"]
[BlackClock "0:00:09"]
[Board "195"]

1. e4 c5 2. Nf3 d6 3. d4 cxd4 4. Nxd4 Nf6 5. Nc3 Nc6 6. f3 e5 7. Nb3 Be6 8. Be3 Be7 9. Qd2 a5 10. a4 O-O 11. Bb5 Nb4 12. O-O Rc8 13. Rfd1 Qc7 14. Qf2 d5 15. exd5 Nfxd5 16. Nxd5 Nxd5 17. Rac1 Nxe3 18. Qxe3 Bxb3 19. Qxb3 Bc5+ 20. Kh1 Rfd8 21. c3 Rxd1+ 22. Rxd1 Rd8 23. Qc2 Rxd1+ 24. Qxd1 Qd6 25. Qe2 g6 26. h3 Kg7 27. Bd3 b6 28. Qe4 f5 29. Qc4 Qe7 30. Qd5 Qd6 31. Qc4 Qe7 32. b4 axb4 33. cxb4 Bxb4 34. Qd5 Bc5 35. Bb5 Qd6 36. Qxd6 Bxd6 37. Kg1 Kf6 38. Kf2 Bc5+ 39. Ke2 e4 40. g4 Ke5 41. gxf5 gxf5 42. fxe4 fxe4 43. Bc6 h6 44. Bd7 Kf4 45. Be6 Kg3 46. Bd7 Kf4 47. Be6 Kg3 48. Bd7 Kf4 1/2-1/2


[Site "https://www.chess.com"]

[Event "Titled Tuesday Blitz November 14 Early 2023"]
[White "VitaliyChayka"]
[Black "KatakuriDono"]
[WhiteElo "2222"]
[BlackElo "2351"]
[Result "1-0"]
[Round "5"]
[TimeControl "180+1"]
[Date "2023.11.14"]
[WhiteClock "0:00:14"]
[BlackClock "0:00:06"]
[Board "196"]

1. d4 d5 2. Bf4 Nf6 3. e3 c5 4. dxc5 e6 5. b4 a5 6. c3 Nc6 7. Bb5 Bd7 8. Qb3 b6 9. Bxc6 Bxc6 10. b5 Bb7 11. c6 Bc8 12. a4 Bd6 13. Ne2 O-O 14. O-O e5 15. Bg3 Be6 16. Qb2 Ne4 17. Nd2 Nc5 18. Qc2 h5 19. h3 h4 20. Bh2 Qg5 21. Nf3 Qh5 22. Nfd4 Bc8 23. Nc1 Ne4 24. Nde2 Bf5 25. Nd3 Qg6 26. Kh1 Nxf2+ 27. Rxf2 Bxd3 28. Qd2 Be4 29. c4 dxc4 30. Nc3 Bb4 31. Rd1 Bd3 32. Bxe5 Rfe8 33. Bd4 Qg3 34. Rf3 Qg5 35. Qf2 Bd6 36. Bxb6 Bg3 37. Qg1 f6 38. Bd4 Kh8 39. Rd2 Rac8 40. Rb2 Bd6 41. Qf2 Be5 42. Bxe5 Qxe5 43. Qd2 g5 44. Nd1 f5 45. Qc3 Qxc3 46. Nxc3 g4 47. hxg4 fxg4 48. Rf4 Rxe3 49. Rxg4 Re1+ 50. Kh2 Rc1 51. Rxh4+ Kg7 52. Nd5 c3 53. Rb3 Bc4 54. Rxc3 Bxd5 55. Rxc1 1-0


[Site "https://www.chess.com"]

[Event "Titled Tuesday Blitz November 14 Early 2023"]
[White "Bogaudinov, Rushan"]
[Black "Pasmendjambvirgulptipon98"]
[WhiteFideId "4129288"]
[WhiteElo "2331"]
[BlackElo "2117"]
[Result "1/2-1/2"]
[Round "5"]
[TimeControl "180+1"]
[Date "2023.11.14"]
[WhiteClock "0:00:08"]
[BlackClock "0:00:08"]
[Board "197"]

1. e4 c5 2. Nf3 Nc6 3. Bb5 d6 4. O-O Bd7 5. c3 a6 6. Ba4 b5 7. Bc2 Bg4 8. h3 Bxf3 9. Qxf3 g6 10. a4 b4 11. Bb3 Nf6 12. d3 Rb8 13. cxb4 Nd4 14. Qd1 Nxb3 15. Qxb3 Rxb4 16. Qc2 Bg7 17. Bd2 Rb8 18. Bc3 O-O 19. Nd2 Qd7 20. Nc4 Nh5 21. Bxg7 Nxg7 22. f4 Ne6 23. f5 Nd4 24. Qf2 Rb3 25. Rad1 f6 26. a5 Kg7 27. Nb6 Qb7 28. Nc4 d5 29. exd5 Qxd5 30. fxg6 hxg6 31. Rfe1 e5 32. Re3 Nf5 33. Rf3 e4 34. Ne3 Nxe3 35. Rxe3 Rxd3 36. Rexd3 exd3 37. Qe3 c4 38. Qa7+ Rf7 39. Qxa6 Qd4+ 40. Kh2 Rc7 41. Qe6 Qe5+ 42. Qxe5 fxe5 43. Kg3 Kf6 44. Kf3 Kf5 45. Ke3 Ra7 46. Rc1 Rxa5 47. Rxc4 Rd5 48. g4+ Kg5 49. Kd2 Kh4 50. b4 Kxh3 51. g5 Kg3 52. Rc5 Rd4 53. Rxe5 Rxb4 54. Re6 Kg4 55. Rxg6 Kf5 56. Rg8 Rg4 57. Kxd3 Rxg5 58. Rf8+ Kg4 59. Re8 Rf5 60. Ke4 Rg5 61. Rf8 Rg6 62. Rf4+ Kg5 63. Rf5+ Kg4 64. Rd5 Re6+ 65. Kd3 Re1 66. Kd2 Re8 67. Kd3 Kf4 68. Rh5 Kg4 69. Rd5 Kf3 70. Rd7 Kf4 71. Rf7+ Ke5 72. Rf1 Kd5 73. Rf5+ Re5 74. Rxe5+ Kxe5 1/2-1/2


[Site "https://www.chess.com"]

[Event "Titled Tuesday Blitz November 14 Early 2023"]
[White "Limontaite, Simona"]
[Black "Perez Cruz, Adianet"]
[WhiteFideId "12802506"]
[BlackFideId "3510115"]
[WhiteElo "2234"]
[BlackElo "2005"]
[Result "1-0"]
[Round "5"]
[TimeControl "180+1"]
[Date "2023.11.14"]
[WhiteClock "0:00:21"]
[BlackClock "0:00:21"]
[Board "198"]

1. d4 d5 2. c4 e5 3. dxe5 d4 4. Nf3 Nc6 5. g3 Be6 6. Qa4 Ne7 7. Bg2 Ng6 8. O-O Qd7 9. Rd1 Rd8 10. Na3 a6 11. Nc2 Bc5 12. b4 Ba7 13. c5 O-O 14. Bg5 f6 15. exf6 gxf6 16. Bh6 Rfe8 17. Nfxd4 Nxd4 18. Qxd7 Nxe2+ 19. Kf1 Nxg3+ 20. hxg3 Rxd7 21. Bxb7 Rxd1+ 22. Rxd1 Bc4+ 23. Kg2 Re2 24. Rd8+ Kf7 25. Nd4 Rxa2 26. Nc6 Bxc5 27. bxc5 Ra1 28. Rd7+ Ke6 29. Rxh7 Bd5+ 30. f3 Ra2+ 31. Kf1 Ra1+ 32. Ke2 Ra2+ 33. Kd1 Bxf3+ 34. Kc1 Bxc6 35. Bxc6 Ne5 36. Rxc7 Ra3 37. Bf4 Rc3+ 38. Kb2 Rxc5 39. Bxe5 fxe5 40. Rc8 Ra5 41. Bf3 Rb5+ 42. Ka3 Rb6 43. Rf8 e4 44. Bxe4 Rd6 45. Bf5+ Ke5 46. g4 Kf4 47. Ka4 Kg5 48. Ka5 Rd4 49. Re8 Rd1 50. Kxa6 Ra1+ 51. Kb5 Kf6 52. Kc6 Kg5 53. Rg8+ Kf6 54. Rg6+ Kf7 55. Kd5 Ra5+ 56. Ke4 Ra4+ 57. Ke5 Ra5+ 58. Kf4 Ra4+ 59. Kg5 Ra5 60. Rc6 Ra7 61. Rd6 Ke7 62. Rh6 Ra5 63. Rh7+ Kf8 64. Kf6 Kg8 65. Rg7+ Kf8 66. Rc7 Ra6+ 67. Be6 Ra8 68. g5 Re8 69. g6 Rd8 70. Rf7+ Kg8 71. Rd7+ 1-0


[Site "https://www.chess.com"]

[Event "Titled Tuesday Blitz November 14 Early 2023"]
[White "Zavgorodniy, Sergiy"]
[Black "Vila Dupla, Aurelio"]
[WhiteFideId "14110148"]
[BlackFideId "2203383"]
[WhiteElo "2685"]
[BlackElo "2201"]
[Result "1-0"]
[Round "5"]
[TimeControl "180+1"]
[Date "2023.11.14"]
[WhiteClock "0:01:35"]
[BlackClock "0:00:00"]
[Board "199"]

1. d4 Nf6 2. c4 g6 3. Nc3 d5 4. cxd5 Nxd5 5. e4 Nxc3 6. bxc3 Bg7 7. Nf3 c5 8. Be3 Qa5 9. Qd2 O-O 10. Rc1 cxd4 11. cxd4 Qxd2+ 12. Kxd2 Nc6 13. d5 Rd8 14. Ke1 Nb4 15. a3 Na6 16. Bc4 Bd7 17. Ke2 b5 18. Bd3 f5 19. Nd4 fxe4 20. Bxe4 Bxd4 21. Bxd4 Bf5 22. f3 b4 23. Rc6 Nb8 24. Rc7 bxa3 25. Ra1 Kf7 26. Rxa3 Nd7 27. Raxa7 Rxa7 28. Rxa7 Nf6 29. Bxf6 Kxf6 30. Ke3 Rd6 31. h4 h6 32. g4 Bxe4 33. fxe4 Rb6 34. g5+ hxg5 35. hxg5+ Kf7 36. Kf4 1-0


[Site "https://www.chess.com"]

[Event "Titled Tuesday Blitz November 14 Early 2023"]
[White "Perry, Patrick"]
[Black "Perez Rodriguez, Luis Manuel"]
[WhiteFideId "30917727"]
[BlackFideId "3503364"]
[WhiteElo "2195"]
[BlackElo "2603"]
[Result "1-0"]
[Round "5"]
[TimeControl "180+1"]
[Date "2023.11.14"]
[WhiteClock "0:02:10"]
[BlackClock "0:00:18"]
[Board "200"]

1. e4 e5 2. d4 exd4 3. Qxd4 Nc6 4. Qe3 Nf6 5. Bd3 Bb4+ 6. Bd2 O-O 7. Ne2 d5 8. exd5 Nxd5 9. Qg3 Qf6 10. Nbc3 Nxc3 11. Bxc3 Bxc3+ 12. bxc3 Bf5 13. O-O Ne5 14. Nd4 Bg6 15. Rab1 b6 16. f4 Nxd3 17. cxd3 c5 18. f5 cxd4 19. fxg6 Qxg6 20. Qxg6 hxg6 21. cxd4 Rfd8 22. Rf4 Rd7 23. Re4 Rad8 24. Rb4 Kf8 25. Kf2 Rd5 26. Ke3 Rg5 27. g3 Rh5 28. h4 Ra5 29. a4 Rc8 30. Re5 Re8 31. Ke4 f6 32. Rxe8+ Kxe8 33. d5 Kd7 34. Rc4 Rc5 35. Kd4 Rxc4+ 36. dxc4 Kd6 37. a5 Kc7 38. c5 bxc5+ 39. Kxc5 Kd7 40. d6 a6 41. Kd5 1-0


[Site "https://www.chess.com"]

[Event "Titled Tuesday Blitz November 14 Early 2023"]
[White "Alimpic, Aleksa"]
[Black "campochess"]
[WhiteFideId "974323"]
[WhiteElo "2519"]
[BlackElo "2176"]
[Result "1-0"]
[Round "5"]
[TimeControl "180+1"]
[Date "2023.11.14"]
[WhiteClock "0:01:08"]
[BlackClock "0:00:38"]
[Board "201"]

1. d4 Nf6 2. Nf3 c5 3. d5 g6 4. Nc3 Bg7 5. e4 d6 6. Bb5+ Nfd7 7. a4 a6 8. Be2 O-O 9. O-O Ne5 10. Nxe5 dxe5 11. Be3 Nd7 12. a5 f5 13. f3 Qc7 14. Qd2 f4 15. Bf2 Nf6 16. Na4 Nd7 17. Qc3 b5 18. axb6 Nxb6 19. Qxc5 Qxc5 20. Bxc5 Nd7 21. Bxe7 Rf7 22. d6 Rb8 23. Bc4 Rb4 24. Bxf7+ Kxf7 25. c3 Rb8 26. b4 Bf6 27. Bxf6 Kxf6 28. Rfd1 Ke6 29. Rab1 g5 30. c4 Nb6 31. Nxb6 Rxb6 32. c5 Rc6 33. Rd5 Bd7 34. Ra1 Bc8 35. Kf2 h6 36. Ke2 h5 37. h3 Bd7 38. Kd3 Bc8 39. Kc3 Bd7 40. Kc4 Bc8 41. b5 axb5+ 42. Kxb5 Bb7 43. d7 1-0


[Site "https://www.chess.com"]

[Event "Titled Tuesday Blitz November 14 Early 2023"]
[White "Cardenas Carbajal, Nilson"]
[Black "Mayaud, Raphael"]
[WhiteFideId "8401128"]
[BlackFideId "627151"]
[WhiteElo "2171"]
[BlackElo "2404"]
[Result "0-1"]
[Round "5"]
[TimeControl "180+1"]
[Date "2023.11.14"]
[WhiteClock "0:00:50"]
[BlackClock "0:01:23"]
[Board "202"]

1. e4 d5 2. exd5 Qxd5 3. Nc3 Qa5 4. d4 c6 5. Nf3 Nf6 6. Bc4 Bf5 7. Bd2 e6 8. Qe2 Bb4 9. h3 Nbd7 10. g4 Bg6 11. a3 O-O-O 12. O-O Bxc3 13. Bxc3 Qc7 14. b4 h5 15. g5 Nd5 16. Bd2 Nf4 17. Bxf4 Qxf4 18. b5 Be4 19. Ne5 Nxe5 0-1


[Site "https://www.chess.com"]

[Event "Titled Tuesday Blitz November 14 Early 2023"]
[White "Fakhretdinova, Margarita"]
[Black "thisjuan"]
[WhiteFideId "24103667"]
[WhiteElo "2353"]
[BlackElo "2168"]
[Result "0-1"]
[Round "5"]
[TimeControl "180+1"]
[Date "2023.11.14"]
[WhiteClock "0:00:03"]
[BlackClock "0:00:04"]
[Board "203"]

1. e4 c5 2. Nf3 g6 3. d4 cxd4 4. Nxd4 Nc6 5. Be3 Bg7 6. c4 Nf6 7. Nc3 d6 8. Be2 O-O 9. O-O Qa5 10. Rc1 Bd7 11. f3 Rac8 12. Qd2 Rfd8 13. Rc2 Nb4 14. Ncb5 Bxb5 15. Nxb5 b6 16. Rc3 Nc6 17. Qc2 Qa6 18. b3 Nd7 19. Rd3 Qb7 20. Rd2 a6 21. Nd4 Nde5 22. Rfd1 b5 23. Qb1 Nxd4 24. Bxd4 bxc4 25. Bxe5 Bxe5 26. bxc4 Qa7+ 27. Kh1 Bf4 28. Rd4 Be5 29. Rd5 Rb8 30. Qd3 Qb7 31. c5 e6 32. Rxd6 Bxd6 33. cxd6 Qb2 34. f4 Qb5 35. Qxb5 axb5 36. e5 Kf8 37. Rc1 Rbc8 38. Rxc8 Rxc8 39. g4 Rb8 40. Bf3 Ke8 41. Kg2 Kd8 42. Kf2 b4 43. Bc6 Rb6 44. Ba4 Ra6 45. Bb3 Rb6 46. Ke3 Rc6 47. Kd4 Rc3 48. Bc4 Rc2 49. h4 Rf2 50. Ke3 Rh2 51. h5 Rh4 52. hxg6 hxg6 53. Kf3 Rh3+ 54. Ke4 Rc3 55. Bb3 Rc1 56. f5 Re1+ 57. Kf4 Rf1+ 58. Kg5 gxf5 59. Bc4 Rf2 60. Kf6 fxg4+ 61. Kg5 g3 62. Kg4 g2 63. Kg3 g1=Q+ 64. Kh4 Rh2# 0-1


[Site "https://www.chess.com"]

[Event "Titled Tuesday Blitz November 14 Early 2023"]
[White "Tuleyeva-Aketayeva, Dana"]
[Black "Semenova, Alina"]
[WhiteFideId "13701932"]
[BlackFideId "24113875"]
[WhiteElo "2300"]
[BlackElo "2165"]
[Result "1-0"]
[Round "5"]
[TimeControl "180+1"]
[Date "2023.11.14"]
[WhiteClock "0:01:24"]
[BlackClock "0:00:00"]
[Board "204"]

1. d4 Nf6 2. Nf3 e6 3. g3 b6 4. Bg2 Bb7 5. O-O Be7 6. c4 O-O 7. Nc3 d5 8. Ne5 Nbd7 9. cxd5 exd5 10. Bf4 Nxe5 11. dxe5 Ne4 12. Nxe4 dxe4 13. Qc2 c5 14. Bxe4 Bxe4 15. Qxe4 Qc8 16. Rfd1 Qe6 17. Qd5 Rfd8 18. Qxe6 fxe6 19. h4 Kf7 20. Kf1 h5 21. Bg5 Bxg5 22. hxg5 g6 23. e3 Ke7 24. Ke2 Rd5 25. f4 Rh8 26. e4 Rxd1 27. Rxd1 Rc8 28. Kf3 b5 29. g4 hxg4+ 30. Kxg4 Rh8 31. Rd2 Rh1 32. Rg2 1-0


[Site "https://www.chess.com"]

[Event "Titled Tuesday Blitz November 14 Early 2023"]
[White "Petersson, Kjell"]
[Black "LeoWin2012"]
[WhiteFideId "1705148"]
[WhiteElo "2122"]
[BlackElo "2287"]
[Result "1-0"]
[Round "5"]
[TimeControl "180+1"]
[Date "2023.11.14"]
[WhiteClock "0:01:48"]
[BlackClock "0:01:11"]
[Board "205"]

1. d4 Nf6 2. Bf4 d6 3. Nc3 g6 4. e4 Bg7 5. Qd2 O-O 6. O-O-O c6 7. f3 b5 8. g4 a5 9. Bh6 a4 10. h4 b4 11. Nce2 b3 12. cxb3 axb3 13. a3 c5 14. h5 cxd4 15. Bxg7 Qc7+ 16. Kb1 Kxg7 17. Nxd4 Nbd7 18. hxg6 Ne5 19. Qh6+ Kg8 20. gxh7+ Kh8 21. Qxf8+ 1-0


[Site "https://www.chess.com"]